Map: World of Sleepers LE

Players

SouLeer

  • Race: Zerg Zerg
  • Spawn Location: 7:00

BlyOnFire (Bly) - Winner!

  • Race: Zerg Zerg
  • League: Grandmaster
  • Spawn Location: 1:00

Event: NationWars 2019

VOD

Have the link to the VOD?

Description

Time

  • Played on: Sept. 30, 2019, 9:55 a.m.
  • Length: 9:05
Show
View Real Time Build Order
Export as new Build Order

SouLeer Zerg 

Build Orders: Pool First 

Get SALT Encoding   

  12  0:00  Drone  
  13  0:12  Overlord  
  13  0:17  Drone  
  14  0:31  Drone x2  
  16  0:40  Spawning Pool  
  15  0:43  Drone  
  15  0:46  Extractor  
  15  0:49  Drone  
  16  0:56  Drone  
  17  1:15  Hatchery  
  16  1:26  Queen  
  16  1:30  Zergling x2  
  19  1:35  Zergling x2  
  19  1:37  Drone  
  21  1:45  Overlord  
  21  1:52  Metabolic Boost  
  21  2:00  Drone  
  22  2:05  Queen  
  24  2:10  Drone  
  25  2:19  Drone  
  26  2:25  Drone  
  26  2:28  Drone  
  28  2:34  Drone x3  
  31  2:39  Drone x2  
  33  2:54  Hatchery  
  33  2:57  Drone  
  33  3:03  Baneling Nest  
  33  3:04  Overlord  
  32  3:06  Zergling x2  
  32  3:10  Zergling x2  
  34  3:13  Zergling x4  
  36  3:23  Zergling x8  
  40  3:29  Zergling x4  
  41  3:34  Zergling x2  
  41  3:40  Zergling x4  
  44  3:43  Overlord  
  44  3:46  Baneling x2  
  44  3:49  Overlord  
  43  4:03  Drone x6  
  43  4:07  Drone  
  44  4:10  Drone x3  
  46  4:24  Drone x2  
  46  4:26  Zergling x4  
  46  4:30  Extractor  
  47  4:32  Evolution Chamber  
  47  4:33  Drone x2  
  47  4:35  Queen  
  48  4:41  Roach Warren  
  47  4:48  Zergling x12  
  53  4:53  Zergling x6  
  53  4:55  Baneling x3  
  53  4:59  Zergling x4  
  58  5:03  Baneling  
  58  5:04  Baneling x5  
  58  5:05  Zergling x2  
  59  5:08  Zergling x2  
  59  5:09  Zergling x2  
  59  5:12  Zergling x2  
  59  5:13  Zergling x4  
  62  5:15  Zergling x2  
  62  5:20  Zergling x6  
  54  5:23  Zergling x4  
  51  5:29  Zergling x2  
  51  5:32  Zergling x4  
  50  5:36  Zerg Melee Weapons Level 1  
  50  5:42  Drone x4  
  53  5:48  Queen  
  54  5:57  Drone x5  
  54  6:00  Evolution Chamber  
  58  6:10  Overlord  
  58  6:14  Lair  
  58  6:17  Drone x3  
  60  6:21  Roach x2  
  60  6:22  Overlord  
  60  6:23  Overlord  
  64  6:26  Overlord  
  64  6:33  Zerg Ground Armor Level 1  
  64  6:35  Zergling x2  
  64  6:36  Zergling x4  
  64  6:38  Zergling x4  
  69  6:42  Zergling x2  
  69  6:43  Zergling x4  
  72  6:47  Roach x2  
  72  6:52  Roach x2  
  80  6:56  Overlord x2  
  80  6:58  Zergling x2  
  80  6:59  Zergling x2  
  82  7:04  Ravager  
  82  7:06  Zergling x4  
  82  7:07  Zergling x6  
  88  7:10  Zergling x2  
  88  7:12  Overlord  
  89  7:16  Zergling x8  
  89  7:21  Zergling x2  
  94  7:27  Zergling x6  
  95  7:31  Zergling x2  
  95  7:32  Zergling x6  
  95  7:34  Zergling x4  
  95  7:36  Zergling x2  
  90  7:39  Zergling x2  
  90  7:43  Roach  
  89  7:47  Roach x3  
  89  7:49  Roach  
  90  7:52  Roach x2  
  85  7:59  Zergling x2  
  85  8:00  Ravager  
  85  8:02  Zergling x4  
  84  8:12  Zergling x8  
  80  8:16  Zergling x6  
  74  8:20  Zergling x2  
  74  8:22  Zergling x2  
  74  8:25  Zergling x2  
  73  8:28  Zergling x2  
  73  8:34  Zergling x2  
  72  8:37  Zergling x4  
Show
View Real Time Build Order
Export as new Build Order

BlyOnFire Zerg - Winner!

Build Orders: Hatch First 

Get SALT Encoding   

  12  0:01  Drone  
  13  0:13  Overlord  
  13  0:18  Drone  
  14  0:31  Drone x2  
  16  0:49  Hatchery  
  15  0:52  Drone  
  15  0:55  Drone  
  17  0:58  Drone  
  18  1:10  Extractor  
  17  1:13  Spawning Pool  
  17  1:16  Drone  
  17  1:20  Drone  
  18  1:28  Drone  
  19  1:39  Drone  
  20  1:49  Overlord  
  20  2:00  Queen  
  22  2:01  Queen  
  22  2:02  Zergling x4  
  26  2:14  Metabolic Boost  
  26  2:22  Drone x3  
  29  2:28  Drone  
  30  2:36  Drone  
  30  2:37  Overlord  
  31  2:39  Queen  
  33  2:50  Zergling x4  
  35  3:00  Hatchery, Zergling x4  
  36  3:12  Zergling x8  
  40  3:14  Drone x2  
  42  3:29  Overlord  
  42  3:31  Roach Warren  
  42  3:33  Drone x3  
  42  3:34  Drone  
  43  3:38  Drone  
  44  3:43  Overlord  
  43  3:50  Overlord  
  43  4:04  Overlord  
  34  4:11  Roach x6  
  46  4:19  Zergling x8  
  49  4:27  Zergling x6  
  50  4:37  Zergling x8  
  54  4:41  Drone  
  55  4:46  Drone x4  
  59  4:55  Drone x4  
  63  5:01  Overlord  
  60  5:16  Roach  
  60  5:17  Roach x5  
  60  5:19  Roach  
  66  5:21  Ravager  
  66  5:26  Drone x6  
  72  5:31  Ravager  
  72  5:33  Drone x3  
  68  5:42  Extractor  
  60  5:45  Roach x3  
  60  5:47  Queen  
  69  5:50  Roach x2  
  69  5:52  Unknown  
  69  5:53  Roach  
  74  6:02  Overlord x2  
  74  6:09  Roach x2, Evolution Chamber  
  77  6:18  Overlord x3  
  77  6:19  Overlord  
  77  6:24  Overlord  
  77  6:28  Roach x4  
  85  6:34  Overlord  
  85  6:38  Zergling x2  
  85  6:39  Zergling x8  
  90  6:53  Zergling x12  
  96  7:01  Zergling x10  
  96  7:05  Zergling x8  
  105  7:11  Zergling x2  
  105  7:12  Ravager x5  
  111  7:19  Zergling x4  
  113  7:23  Overlord  
  113  7:26  Zergling x4  
  113  7:36  Zergling x12  
  113  7:37  Zergling x6  
  111  7:43  Zergling x2  
  102  7:53  Roach x3  
  106  7:58  Ravager  
  106  8:00  Ravager, Zergling x10  
  106  8:02  Overlord  
  108  8:12  Zergling x2  
  108  8:13  Zergling x8  
  104  8:24  Roach x6  
  108  8:31  Zergling x8  
  109  8:34  Overlord  
  100  8:42  Zergling x4  
Tags
 
Add a new tag
Caveats
  • Supply blocks, unpowered buildings, or Contaminate may cause inaccurate times.
  • Supply counts are checked every 10 seconds.